 Dungeon Crawl Stone Soup version 0.29.1-4-g47bece8355 (webtiles) character file.

Game seed: 16240142382449125961

6405 Linkola the Protected (level 10, 0/132 HPs)
             Began as a Minotaur Fighter on Dec 10, 2022.
             Was a Believer of Wu Jian.
             Slain by a troll (4 damage)
             ... on level 9 of the Dungeon on Dec 11, 2022.
             The game lasted 00:26:02 (11755 turns).

Linkola the Protected (Minotaur Fighter)           Turns: 11755, Time: 00:26:02

Health: 0/132      AC: 13    Str: 24    XL:     10   Next: 66%
Magic:  9/9        EV:  9    Int:  5    God:    Wu Jian [**....]
Gold:   442        SH:  6    Dex: 14    Spells: 9/9 levels left

rFire   . . .      SeeInvis +   u - +0 scimitar (flame)
rCold   . . .      Faith    .   c - +0 buckler
rNeg    + . .      Spirit   .   w - +2 plate armour of the Sky {*Corrode rN+ Dex+3 SInv}
rPois   .          Reflect  .   (helmet restricted)
rElec   .          Harm     .   (no cloak)
rCorr   .          Rampage  .   (no gloves)
Will    .....                   v - +0 pair of boots
Stlth   ..........              s - amulet of the acrobat
HPRegen 0.32/turn               q - ring of see invisible
MPRegen 0.11/turn               (no ring)

@: berserking, corroded, very quick
A: horns 2, retaliatory headbutt, mutation resistance 1, wild magic 1
a: Renounce Religion, Wall Jump


You were on level 9 of the Dungeon.
You worshipped Wu Jian.
Wu Jian was pleased with you.
You visited 3 branches of the dungeon, and saw 11 of its levels.

You collected 442 gold pieces.

Inventory:

Hand Weapons
 p - a +4 short sword of venom
 u - a +0 scimitar of flaming (weapon)
Missiles
 o - 12 poisoned darts (quivered)
 r - 6 throwing nets
 t - 3 datura-tipped darts
 x - a curare-tipped dart
Armour
 c - a +0 buckler (worn)
 v - a +0 pair of boots (worn)
 w - the +2 plate armour of the Sky (worn) {*Corrode rN+ Dex+3 SInv}
   (You found it on level 9 of the Dungeon)

   Dex:       It affects your dexterity (+3).
   rN:        It protects you from negative energy.
   SInv:      It lets you see invisible.
   *Corrode:  It may corrode you when you take damage.
Jewellery
 q - a ring of see invisible (left hand)
 s - an amulet of the acrobat (around neck)
Wands
 a - a wand of paralysis (6)
 d - a wand of roots (12)
 l - a wand of flame (18)
Scrolls
 b - 3 scrolls of teleportation
 e - a scroll of amnesia
 y - a scroll of enchant armour
Potions
 g - 3 potions of ambrosia
 h - 3 potions of flight
 i - a potion of resistance
 k - a potion of invisibility {unknown}
 m - a potion of magic {unknown}
 n - a potion of attraction {unknown}
 A - 5 potions of haste


   Skills:
 + Level 7.7 Fighting
 + Level 7.6(8.5) Short Blades
 + Level 6.1(8.2) Long Blades
 * Level 7.4 Throwing
 + Level 8.4 Armour
 + Level 6.3 Dodging
 + Level 7.3 Shields


You had 9 spell levels left.
You didn't know any spells.
Your spell library contained the following spells:

 Spells                   Type           Power      Damage    Failure   Level
 Beastly Appendage        Tmut           0%         N/A       100%        1
 Slow                     Hex            0%         N/A       100%        1
 Static Discharge         Conj/Air       0%         3-3/arc   100%        2
 Wereblood                Tmut           0%         N/A       100%        2
 Confusing Touch          Hex            0%         N/A       100%        3
 Frozen Ramparts          Ice            0%         1d1       100%        3
 Spider Form              Tmut/Pois      0%         N/A       100%        3
 Vampiric Draining        Necr           0%         2d6       100%        3
 Ice Form                 Ice/Tmut       0%         N/A       100%        4
 Summon Ice Beast         Ice/Summ       0%         N/A       100%        4


Dungeon Overview and Level Annotations

Branches:
Dungeon (9/15)             Temple (1/1) D:6             Orc (1/2) D:9
   Lair: D:8-11

Altars:
Ashenzari
Cheibriados
Dithmenos
Elyvilon
Fedhas
Gozag
Hepliaklqana
Kikubaaqudgha
Makhleb
Nemelex Xobeh
Okawaru
Qazlal
Ru
Sif Muna
Trog
Uskayaw
Vehumet
Wu Jian
Xom
Yredelemnul
Zin
The Shining One

Shops:
D:1 ?


Innate Abilities, Weirdness & Mutations

You have a pair of horns on your head.
You reflexively headbutt those who attack you in melee.
You are somewhat resistant to further mutation.
Your spells are a little harder to cast, but a little more powerful.


Message History

An orc priest comes into view. It is wielding a +0 dagger.
There is a staircase back to the Dungeon, spattered with blood here.
The orc priest shouts!
You hear a shout!
The orc hits you but does no damage. The troll bites you but does no damage.
The troll claws you. x2; You block the troll's attack.
The troll claws you. x2
You climb upwards.
Welcome back to the Dungeon!
There is a staircase to the Orcish Mines, spattered with blood here.
You hit the troll. You burn the troll.
The troll is lightly wounded.
You block the troll's attack. The troll claws you! The troll claws you.
Your corrosive artefact corrodes you!
The troll bites you but does no damage.
The troll barely misses you. x2; The orc barely misses you.
You furiously retaliate!
You headbutt the orc!
You kill the orc!
The Council accepts your kill.
You barely miss the troll.
The troll is lightly wounded.
The troll bites you! The troll claws you.
The troll claws you but does no damage. You block the troll's attack. x3
You slash the troll! You burn the troll.
The troll is moderately wounded.
The troll closely misses you. You furiously retaliate!
You headbutt the troll. The troll claws you!
The troll claws you but does no damage. The troll bites you!
* * * LOW HITPOINT WARNING * * *
You block the troll's attack. The troll claws you!
* * * LOW HITPOINT WARNING * * *
You barely miss the troll. Your headbutt misses the troll.
The troll is moderately wounded.
The troll barely misses you. You furiously retaliate!
You headbutt the troll. The troll claws you but does no damage.
You block the troll's attack. The troll bites you but does no damage.
The troll claws you but does no damage. The troll claws you.
* * * LOW HITPOINT WARNING * * *
It was a potion of berserk rage.
A red film seems to cover your vision as you go berserk!
You feel yourself moving faster!
You feel mighty! The troll bites you!
* * * LOW HITPOINT WARNING * * *
You block the troll's attack. The troll claws you.
You die...

###...## #..####.#
##.###.## #####
#..#....#####..#..[.
#.............#.####
#.##.##.##.######...
#.......##.# #.##
####.#####.# #.## #.#
###.### #.# ##)#
#.....# #.## ######@T#
#.....# #... #....T))#
#.....# ###. #..#.#[)#
#.....# #. #..#.#.)#
#....)# #. #....#).#
####### #. #...##..# #.
#.......####### #.
##[...........########.
##.###................


You could see 2 trolls.

Vanquished Creatures
  Erica (D:9)
  2 trolls
  Prince Ribbit (D:7)
  2 wraiths (D:8)
  2 wyverns
  2 steam dragons
  A vampire mosquito (D:8)
  An acid dragon (D:8)
  A water moccasin (D:3)
  2 black bears
  A sky beast (D:5)
  2 ice beasts
  4 orc warriors
  An ogre (D:9)
  5 centaurs
  2 phantoms
  3 kobold brigands
  2 bullfrogs (D:7)
  A gnoll sergeant (D:8)
  A scorpion (D:7)
  8 wights
  11 killer bees
  An electric eel (D:9)
  3 howler monkeys
  The ghost of MacCMillion the Insei, a weakling OpTm of Elyvilon (D:3)
  3 jellies
  A gnoll bouda (D:8)
  5 hounds
  2 orc priests
  Crazy Yiuf (D:7)
  5 iguanas
  8 orc wizards
  5 adders
  14 gnolls
  A shadow imp (D:5)
  3 white imps
  An ufetubus (D:6)
  2 dart slugs (D:3)
  23 orcs
  7 bats
  6 endoplasms
  2 giant cockroaches
  6 goblins
  5 hobgoblins
  4 jackals (D:4)
  18 kobolds
  4 quokkas (D:2)
  8 ball pythons
  A frilled lizard (D:3)
  8 rats
204 creatures vanquished.

Vanquished Creatures (others)
  3 plants (D:3)
3 creatures vanquished.

Grand Total: 207 creatures vanquished

Notes
Turn   | Place    | Note
-------+----------+-------------------------------------------
     0 | D:1      | Linkola the Minotaur Fighter began the quest for the Orb.
     0 | D:1      | Reached XP level 1. HP: 19/19 MP: 0/0
   101 | D:1      | Found a faded altar of an unknown god.
   458 | D:1      | Found Nonah's Magic Scroll Boutique.
   974 | D:2      | Reached XP level 2. HP: 27/27 MP: 1/1
   989 | D:2      | Reached skill level 4 in Armour
   993 | D:2      | Reached XP level 3. HP: 28/33 MP: 2/2
  1366 | D:2      | Reached skill level 1 in Throwing
  1571 | D:3      | Reached XP level 4. HP: 40/40 MP: 3/3
  1615 | D:3      | Noticed a water moccasin
  1621 | D:3      | Killed a water moccasin
  1622 | D:3      | Reached XP level 5. HP: 27/46 MP: 4/4
  2076 | D:3      | Found a runed translucent gate.
  2076 | D:3      | Found a runed translucent gate.
  2077 | D:3      | Found a runed translucent gate.
  2077 | D:3      | Noticed MacCMillion's ghost (weakling OpTm)
  2379 | D:3      | Reached XP level 6. HP: 21/53 MP: 2/5
  2392 | D:3      | Killed MacCMillion's ghost
  2393 | D:3      | Reached skill level 5 in Long Blades
  2393 | D:3      | Reached skill level 1 in Dodging
  3185 | D:4      | Reached XP level 7. HP: 37/60 MP: 6/6
  3314 | D:4      | Reached skill level 5 in Fighting
  3481 | D:4      | Found a basalt altar of Yredelemnul.
  3524 | D:5      | Entered Level 5 of the Dungeon
  3566 | D:5      | Reached skill level 5 in Armour
  3571 | D:5      | Reached skill level 1 in Short Blades
  4126 | D:5      | Reached skill level 5 in Shields
  4284 | D:5      | Reached XP level 8. HP: 46/69 MP: 7/7
  4288 | D:5      | Reached skill level 6 in Armour
  4848 | D:6      | Found a staircase to the Ecumenical Temple.
  4863 | Temple   | Entered the Ecumenical Temple
  4905 | Temple   | Became a worshipper of the Wu Jian Council
  5260 | D:6      | Found a sparkling altar of Nemelex Xobeh.
  5374 | D:6      | Found a bloodstained altar of Trog.
  5463 | D:6      | Found a shimmering blue altar of Sif Muna.
  5467 | D:6      | Got Sif Muna's Vellum of Outbursts
  5482 | D:6      | Reached skill level 7 in Armour
  5637 | D:6      | Reached skill level 5 in Throwing
  5736 | D:6      | Found the +4 robe of Augmentation {Str+4 Int+4 Dex+4}
  6171 | D:7      | Found a glowing golden altar of the Shining One.
  6171 | D:7      | Found a blossoming altar of Fedhas.
  6285 | D:7      | Reached XP level 9. HP: 75/75 MP: 8/8
  6581 | D:7      | Noticed Prince Ribbit
  6591 | D:7      | Killed Prince Ribbit
  6592 | D:7      | Reached skill level 5 in Short Blades
  6809 | D:7      | Reached * piety under Wu Jian
  7136 | D:7      | Found a runed translucent door.
  7137 | D:7      | Noticed Crazy Yiuf
  7454 | D:7      | Killed Crazy Yiuf
  7529 | D:7      | HP: 3/75 [poisoned by a killer bee]
  8158 | D:8      | Reached skill level 5 in Dodging
  8279 | D:8      | Noticed a troll
  8292 | D:8      | Killed a troll
  8713 | D:8      | Reached XP level 10. HP: 82/86 MP: 9/9
  9280 | D:8      | Gained mutation: Your spells are a little harder to cast,
                  | but a little more powerful. [potion of mutation]
  9280 | D:8      | Gained mutation: You are somewhat resistant to further
                  | mutation. [potion of mutation]
  9431 | D:8      | Found a shadowy altar of Dithmenos.
 10032 | D:9      | Identified the +2 plate armour of the Sky {*Corrode rN+
                  | Dex+3 SInv}
 10155 | D:9      | Noticed Erica
 10168 | D:9      | Killed Erica
 10293 | D:9      | Found a staircase to the Orcish Mines.
 10715 | D:9      | Reached ** piety under Wu Jian
 10716 | D:9      | Reached skill level 8 in Armour
 11147 | Orc:1    | Entered Level 1 of the Orcish Mines
 11387 | D:9      | HP: 4/88 [orc priest/divine providence (7)]
 11755 | D:9      | HP: 4/132 [troll (7)]
 11755 | D:9      | Slain by a troll

Illustrated notes

Levels and vault maps discovered:
D:1:      dpeg_arrival_refuge, layout_basic, hellmonk_ecumenical_altar_run_dry,
          serial_shops, shop_fountains, st_stairs_12
D:2:      layout_rooms, minmay_pentomino_q2
D:3:      layout_rooms, gammafunk_ghost_nasty_kobolds, grunt_ministairs_14,
          hex_tiny, nicolae_figureground_sparkle
D:4:      cheibrodos_helix_gallery, layout_cave_pools,
          mainiacjoe_overflow_chevrons
D:5:      layout_basic
D:6:      layout_gridville, nzn_overflow_gifts_of_might_and_magic,
          lemuel_round_altar, minmay_temple_entry_grid, dk_noncrumbling_2
D:7:      layout_layer_cave, chequers_temple_overflow_statue_of_worship,
          minivault_24, corexii_hall_statues_i, uniq_prince_ribbit1,
          uniq_crazy_yiuf_cottage
D:8:      layout_rooms, grunt_dithmenos_shadows, hangedman_minor_gate_pass
D:9:      layout_loops_cross, orc_0_dummy, kennysheep_doodads, uniq_erica
Temple:   regret_index_temple_generic_petals
Orc:1:    layout_caves, ebering_ghost_rock_garden

Skill      XL: |  1  2  3  4  5  6  7  8  9 10 |
---------------+-------------------------------+-----
Armour         | 4 5 7 8 |  8.4
Long Blades    | 3 4 5 6 |  6.1
Shields        | 4 5 6 7 |  7.3
Throwing       | 1 2 3 4 5 6 7 |  7.4
Fighting       | 4 5 7 |  7.7
Dodging        | 1 2 3 5 6 |  6.3
Short Blades   | 2 4 6 7 |  7.6

Action                   |  1- 3 |  4- 6 |  7- 9 | 10-12 || total
-------------------------+-------+-------+-------+-------++-------
Melee: Long sword        |    51 |    60 |       |       ||   111
       Headbutt          |     8 |    14 |    74 |    42 ||   138
       Short sword       |       |    42 |   308 |    84 ||   434
       Scimitar          |       |       |       |    74 ||    74
Throw: Dart              |    29 |     8 |     2 |    15 ||    54
       Stone             |     7 |    24 |     9 |     4 ||    44
Invok: Lunge             |       |       |    14 |    11 ||    25
       Whirlwind         |       |       |     7 |     5 ||    12
  Use: Scroll            |     4 |     4 |    13 |     2 ||    23
       Potion            |       |     1 |     1 |     6 ||     8
Armor: Scale mail        |    28 |    43 |    44 |       ||   115
       Robe              |       |       |    37 |    14 ||    51
       Plate armour      |       |       |       |    77 ||    77
Dodge: Dodged            |    27 |    50 |   188 |    95 ||   360
Block: Buckler           |    16 |    30 |    63 |    55 ||   164
